 Dungeon Crawl Stone Soup version 0.31-a0-810-ga77100ea1a (webtiles) character file.

Game seed: 5530867589036134956

25 LeprechaunX the Changeling (level 3, -1/23 HPs)
             Began as an Octopode Shapeshifter on Sept 21, 2023.
             Slain by a rat (3 damage)
             ... on level 2 of the Dungeon.
             The game lasted 00:00:58 (692 turns).

LeprechaunX the Changeling (Octopode Shapeshifter)   Turns: 692, Time: 00:00:59

Health: -1/23      AC:  1    Str: 15    XL:     3   Next: 6%
Magic:  3/3        EV: 28    Int: 12    God:
Gold:   47         SH:  0    Dex: 11    Spells: 2/2 levels left

rFire   . .          .
                       - Unarmed
rCold   . . .        (no shield)
rNeg    . . .        (helmet currently unavailable)
rPois   .            i - amulet of the acrobat
rElec   .            (no ring)
rCorr   .            (no ring)
SInv    .            (no ring)
Will    .....        (no ring)
Stlth   ++           (no ring)
HPRegen 0.23/turn    (no ring)
MPRegen 0.08/turn    (no ring)
                     (no ring)

%: acrobat
@: beast-form, acrobatic
A: beast (slay +1), almost no armour, amphibious, 8 rings, camouflage 1,
gelatinous body 1, (nimble swimmer 1), tentacles
a: Begin Untransformation


You were on level 2 of the Dungeon.
You were a hulking beast.
You visited 1 branch of the dungeon, and saw 2 of its levels.

You collected 47 gold pieces.

Inventory:

Hand Weapons
 a - a +0 sling
Jewellery
 i - an amulet of the acrobat (around mantle)
Talismans
 b - a beast talisman (active)
 c - a flux talisman
Scrolls
 g - a scroll of identify {unknown}
Potions
 d - 5 potions of curing {unknown}
 e - a potion of haste {unknown}
 f - a potion of lignification
 h - a potion of cancellation {unknown}


   Skills:
 + Level 1.5 Fighting
 + Level 2.3 Dodging
 + Level 3.2 Unarmed Combat
 * Level 3.4 Shapeshifting


You had 2 spell levels left.
You didn't know any spells.
Your spell library was empty.

Dungeon Overview and Level Annotations

Branches:
Dungeon (2/15)

Altars:

Annotations:
D:2 Sigmund


Innate Abilities, Weirdness & Mutations

You are a hulking beast.
Your limbs bulge with bestial killing power. (Slay +1)
You cannot wear most types of armour.
You are amphibious.
You can wear up to eight rings at the same time.
Your skin changes colour to match your surroundings (Stealth+).
Your rubbery body absorbs attacks. (AC +1, EV +1)
((You are camouflaged when in or above water. (Stealth+)))
You have tentacles for arms and can constrict up to eight enemies at once.


Message History

Sigmund the Dreaded comes into view.
He is wielding a +0 scythe.
The rat bites you. The adder bites you.
You are poisoned.
The adder poisons you!
You bludgeon the adder! You grab the adder. You squeeze the adder.
The adder is almost dead.
You constrict the adder.
You kill the adder!
You feel sick. The rat closely misses you.
You have reached level 3!
Your experience leads to an increase in your attributes!
Increase (S)trength, (I)ntelligence, or (D)exterity?
You feel stronger. x2
You closely miss the ball python. Your grab misses the ball python.
You feel sick.
The ball python bites you but does no damage.
The ball python grabs you. The ball python constricts you. The rat bites you.
The ball python completely misses you. The ball python constricts you.
You tentacle-slap the ball python but do no damage.
Your grab misses the ball python. You squeeze the ball python.
The ball python is severely wounded.
You feel sick. The rat bites you.
* * * LOW HITPOINT WARNING * * *
The ball python completely misses you. The ball python constricts you.
You closely miss the ball python. Your grab misses the ball python.
The ball python is severely wounded.
You feel sick. The rat closely misses you. The ball python bites you.
* * * LOW HITPOINT WARNING * * *
The ball python constricts you.
You bludgeon the ball python!
You kill the ball python!
You feel sick.
You are no longer poisoned.
Sigmund breathes a few words.
Sigmund's hands start flickering wildly.
The rat bites you.
* * * LOW HITPOINT WARNING * * *
The rat attacks as it pursues you! The rat barely misses you.
The rat attacks as it pursues you! The rat bites you.
You die...

..........# ...#
#########.# ...#
####.#### ...#
######.......# ...#
........#.##.# ...#
...##..###.#.#####...####
...##...#....#.>.........
.................[.....#.
...#.........#..h........
............#####r...#.##
............# #....#
###.........# #†@..#
.###.......## #†.....# .#
##.....## ..###..#
.#####...## ##.# .##
........## #.. #
....##### ...


You could see Sigmund and a rat.

Vanquished Creatures
  An adder (D:2)
  3 bats (D:1)
  A giant cockroach (D:2)
  2 goblins (D:1)
  A hobgoblin (D:2)
  3 ball pythons
  2 frilled lizards (D:1)
  2 kobolds (D:1)
  2 rats
17 creatures vanquished.

Notes
Turn   | Place    | Note
-------+----------+-------------------------------------------
     0 | D:1      | LeprechaunX the Octopode Shapeshifter began the quest for
                  | the Orb.
     0 | D:1      | Reached XP level 1. HP: 13/13 MP: 1/1
   348 | D:1      | Reached XP level 2. HP: 18/18 MP: 2/2
   674 | D:2      | Identified the +2 robe "Riru" {Dex+3}
   684 | D:2      | Noticed Sigmund
   686 | D:2      | Reached XP level 3. HP: 12/23 MP: 3/3
   689 | D:2      | HP: 1/23 [rat (2)]
   692 | D:2      | Slain by a rat

Illustrated notes

Levels and vault maps discovered:
D:1:      minmay_arrival_jagged, layout_basic, hangedman_abyss_or_decor_stabs
D:2:      layout_loops_cross, basic_altar, minmay_heptomino_o4, uniq_sigmund

Action                     || total
---------------------------++-------
  Melee: Unarmed           ||    30
         Constrict         ||     9
         Tentacles         ||     4
         Punch             ||     1
   Stab: Sleeping          ||     2
 Armour: Skin              ||    19
  Dodge: Dodged            ||    23

Table legend: (Time is in decaauts)
 A = Elapsed time spent in this place.
 B = Non-inter-level travel time spent in this place.
 C = Inter-level travel time spent in this place.
 D = Time resting spent in this place.
 E = Time spent auto-exploring this place.
 F = Levels seen in this place.
 G = Mean time per level.
                   A        B        C        D        E       F      G
               +--------+--------+--------+--------+--------+-----+--------+
         Total |    690 |    651 |     39 |      0 |    536 |   2 |  345.0 |
       Dungeon |    690 |    651 |     39 |      0 |    536 |   2 |  345.0 |
               +--------+--------+--------+--------+--------+-----+--------+

Top non-repeatable levels by time:
     D:1: 585 daAuts
     D:2: 105 daAuts
